 Dungeon Crawl Stone Soup version 0.31-a0-187-gba352fbbf7 (webtiles) character file.

Game seed: 10591994209278528107

784 qw the Skirmisher (level 7, -10/40 HPs)
             Began as a Deep Elf Hunter on June 22, 2023.
             Was a Follower of Okawaru.
             Killed from afar by a gargoyle (25 damage)
             ... with a stone arrow
             ... on level 5 of the Dungeon.
             The game lasted 00:01:41 (3706 turns).

qw the Skirmisher (Deep Elf Hunter)                 Turns: 3706, Time: 00:01:41

Health: -10/40     AC: 17    Str: 13    XL:     7   Next: 55%
Magic:  9/10       EV: 15    Int: 18    God:    Okawaru [*.....]
Gold:   127        SH:  0    Dex: 18    Spells: 6/6 levels left

rFire   . . .        Y - +0 shortbow
rCold   . . .        (shield currently unavailable)
rNeg    . . .        l - +0 ring mail
rPois   .            (no helmet)
rElec   +            f - +0 cloak
rCorr   .            j - +1 pair of gloves "Bupuvet" {Contam rElec Str+3 Int+4}
SInv    .            i - +2 pair of boots
Will    .....        (no amulet)
Stlth   +++          e - +4 ring of protection
HPRegen 0.26/turn    (no ring)
MPRegen 0.12/turn

%: no passive effects
@: heroic
A: no striking features
a: Renounce Religion, Heroism


You were on level 5 of the Dungeon.
You worshipped Okawaru.
Okawaru was aware of your devotion.
You visited 1 branch of the dungeon, and saw 5 of its levels.

You collected 223 gold pieces.
You spent 96 gold pieces at shops.


   Skills:
 - Level 2.4(7.4) Fighting
 + Level 10.5(15.5) Ranged Weapons
 - Level 1.9(6.9) Armour
 - Level 3.3(8.3) Dodging
 - Level 1.2(6.2) Stealth
 + Level 2.5 Invocations


You had 6 spell levels left.
You didn't know any spells.
Your spell library was empty.

Inventory:

Hand Weapons
 Y - a +0 shortbow (weapon)
Armour
 f - a +0 cloak (worn)
 h - a +0 helmet
 i - a +2 pair of boots (worn)
 j - the +1 pair of gloves "Bupuvet" (worn) {Contam rElec Str+3 Int+4}
   (You found it on level 3 of the Dungeon)

   Str:       It affects your strength (+3).
   Int:       It affects your intelligence (+4).
   rElec:     It insulates you from electricity.
   Contam:    It causes magical contamination when unequipped.
 l - a +0 ring mail (worn)
 n - a +2 robe of willpower
Jewellery
 e - a +4 ring of protection (left hand)
Scrolls
 b - 4 scrolls of teleportation
 k - a scroll of fog {unknown}
Potions
 a - a potion of cancellation {unknown}
 c - a potion of degeneration {unknown}
 d - 2 potions of haste {unknown}
 g - 4 potions of curing
 m - a potion of brilliance {unknown}

Dungeon Overview and Level Annotations

Branches:
Dungeon (5/15)
 Temple: D:4-7

Altars:
Cheibriados
Gozag
Makhleb
Okawaru
Qazlal
Xom

Shops:
D:5 [


Message History

The gargoyle is lightly damaged.
You shoot an arrow. The arrow hits the gargoyle.
The gargoyle is moderately damaged.
You shoot an arrow.
The arrow hits the gargoyle but does no damage.
The gargoyle is moderately damaged.
The gargoyle hits you with a +0 flail.
You shoot an arrow. The arrow barely misses the gargoyle.
The gargoyle hurls a stone arrow at you.
The stone arrow hits you but does no damage.
You shoot an arrow.
The arrow hits the gargoyle but does no damage.
The gargoyle is moderately damaged.
The gargoyle hits you with a +0 flail.
You shoot an arrow. The arrow hits the gargoyle.
The gargoyle is heavily damaged.
You shoot an arrow.
The arrow hits the gargoyle but does no damage.
The gargoyle is heavily damaged.
The gargoyle closely misses you.
You shoot an arrow. The arrow hits the gargoyle.
The gargoyle is severely damaged.
The gargoyle misses you.
You shoot an arrow. The arrow closely misses the gargoyle.
The gargoyle hits you but does no damage.
You shoot an arrow. The arrow hits the gargoyle.
The gargoyle is almost destroyed.
The gargoyle misses you.
You shoot an arrow. The arrow hits the gargoyle.
The gargoyle is almost destroyed.
You shoot an arrow.
The arrow hits the gargoyle but does no damage.
The gargoyle is almost destroyed.
The gargoyle hurls a stone arrow at you.
The stone arrow misses you.
You shoot an arrow. The arrow barely misses the gargoyle.
The gargoyle hurls a stone arrow at you.
The stone arrow hits you!!
Ouch! That really hurt!
You die...

...............# #....#.#
...............# #....#.#
...............# #....#.#
...............#######....#.#
..........................#.#
#..............#######.####.#
....................<#......#
...............##############
..............>.@9......
...............#########
.......................
###############.####### #.#
#.# #.# #######.#
#########.......#


You could see a gargoyle.

Vanquished Creatures
  A water moccasin (D:5)
  A phantom (D:5)
  A kobold brigand (D:4)
  A scorpion (D:5)
  A howler monkey (D:5)
  A jelly (D:3)
  A gnoll bouda (D:5)
  An orc priest (D:3)
  Jessica (D:2)
  2 sleepcaps
  Natasha (D:3)
  An iguana (D:5)
  An orc wizard (D:5)
  4 gnolls
  5 adders
  3 worms
  4 dart slugs
  10 orcs
  5 bats
  9 endoplasms
  A giant cockroach (D:1)
  6 goblins
  6 hobgoblins
  4 jackals (D:2)
  14 kobolds
  A quokka (D:2)
  15 ball pythons
  3 frilled lizards
  7 rats
111 creatures vanquished.

Notes
Turn   | Place    | Note
-------+----------+-------------------------------------------
     0 | D:1      | qw the Deep Elf Hunter began the quest for the Orb.
     0 | D:1      | Reached XP level 1. HP: 12/12 MP: 3/3
     0 | D:1      | 0 ||| qw: Version: 0.3-a-9-g12657ce
     0 | D:1      | 0 ||| qw: Game counter: 2046
     0 | D:1      | 0 ||| qw: Always use a shield: true
     0 | D:1      | 0 ||| qw: God list: Okawaru
     0 | D:1      | 0 ||| qw: Allow faded altars: false
     0 | D:1      | 0 ||| qw: Do Orc after D:15 true
     0 | D:1      | 0 ||| qw: Do second Lair branch before Depths: true
     0 | D:1      | 0 ||| qw: Lair rune preference: random
     0 | D:1      | 0 ||| qw: Plans: Normal
     0 | D:1      | 0 ||| PLANNING D:1-11
    99 | D:1      | Reached XP level 2. HP: 16/16 MP: 4/4
   146 | D:1      | Reached skill level 6 in Ranged Weapons
   283 | D:1      | Reached XP level 3. HP: 16/20 MP: 5/5
   286 | D:1      | HP: 4/20 [frozen (5)]
   538 | D:1      | 538 ||| DROPPING scarf of harm.
   539 | D:1      | 539 ||| UPGRADING to +2 pair of boots.
   544 | D:1      | 544 ||| UPGRADING to +4 ring of protection.
   545 | D:1      | 545 ||| READING 2 scrolls labelled ZOICEY LOBOFUC.
   546 | D:1      | 546 ||| READING scroll labelled NUASOH PUHIM.
   550 | D:1      | 550 ||| DROPPING scroll of amnesia.
   551 | D:1      | 551 ||| DROPPING scroll of butterflies.
   642 | D:2      | Reached skill level 7 in Ranged Weapons
   954 | D:2      | Reached XP level 4. HP: 25/25 MP: 6/6
  1018 | D:2      | Noticed Jessica
  1021 | D:2      | Killed Jessica
  1210 | D:2      | Reached skill level 8 in Ranged Weapons
  1409 | D:2      | 1409 ||| READING scroll labelled OREZXA YMNIPS.
  1410 | D:2      | 1410 ||| DRINKING 2 blue potions.
  1429 | D:3      | 1429 ||| FLEEEEING.
  1430 | D:3      | 1430 ||| FLEEEEING.
  1433 | D:3      | 1433 ||| STAIRDANCE
  1653 | D:3      | 1653 ||| FLEEEEING.
  1654 | D:3      | 1654 ||| FLEEEEING.
  1655 | D:3      | 1655 ||| FLEEEEING.
  1658 | D:3      | Reached XP level 5. HP: 27/29 MP: 7/7
  1679 | D:3      | 1679 ||| Stepping ~*~*~tactically~*~*~ (outnumbered).
  1736 | D:3      | Reached skill level 9 in Ranged Weapons
  1766 | D:3      | Found an iron altar of Okawaru.
  1767 | D:3      | 1767 ||| PLANNING OKAWARU WORSHIP
  1767 | D:3      | 1767 ||| UPGRADING to +0 cloak.
  1772 | D:3      | 1772 ||| READING scroll labelled ESCHUDO OPNED.
  1774 | D:3      | 1774 ||| Stepping ~*~*~tactically~*~*~ (cloud).
  1782 | D:3      | HP: 7/29 [poisoned by you (poison gas)]
  1876 | D:3      | Became a worshipper of Warmaster Okawaru
  1877 | D:3      | 1877 ||| PLANNING D:1-11
  2184 | D:3      | Noticed Natasha
  2199 | D:3      | Killed Natasha
  2200 | D:3      | Reached skill level 3 in Dodging
  2261 | D:3      | 2261 ||| Stepping ~*~*~tactically~*~*~ (outnumbered).
  2263 | D:3      | 2263 ||| Stepping ~*~*~tactically~*~*~ (outnumbered).
  2265 | D:3      | 2265 ||| Stepping ~*~*~tactically~*~*~ (outnumbered).
  2267 | D:3      | 2267 ||| Stepping ~*~*~tactically~*~*~ (outnumbered).
  2430 | D:3      | Identified the +1 pair of gloves "Bupuvet" {Contam rElec
                  | Str+3 Int+4}
  2432 | D:3      | 2432 ||| UPGRADING to +1 pair of gloves "Bupuvet" {Contam
                  | rElec Str+3 Int+4}.
  2437 | D:3      | 2437 ||| READING scroll labelled GAKHLIUGYEWN.
  2474 | D:4      | Reached XP level 6. HP: 32/36 MP: 8/8
  2778 | D:4      | Found a snail-covered altar of Cheibriados.
  2789 | D:4      | Found a stormy altar of Qazlal.
  2935 | D:4      | 2935 ||| UPGRADING to +0 ring mail.
  2945 | D:4      | 2945 ||| DROPPING +0 leather armour.
  2946 | D:4      | 2946 ||| DROPPING ring of flight.
  2947 | D:4      | 2947 ||| READING scroll labelled ZINIVYHIFU.
  2961 | D:5      | Entered Level 5 of the Dungeon
  2983 | D:5      | Noticed a water moccasin
  2999 | D:5      | Killed a water moccasin
  3000 | D:5      | Reached skill level 1 in Armour
  3041 | D:5      | Reached * piety under Okawaru
  3042 | D:5      | Reached XP level 7. HP: 37/40 MP: 9/9
  3051 | D:5      | 3051 ||| INVOKING Heroism.
  3057 | D:5      | Reached skill level 10 in Ranged Weapons
  3070 | D:5      | Reached skill level 1 in Invocations
  3075 | D:5      | Found a burning altar of Makhleb.
  3181 | D:5      | Found Xeduatur's Antique Armour Emporium.
  3222 | D:5      | 3222 ||| SHOPLISTING embroidered scarf (208 gold, have
                  | 181).
  3222 | D:5      | 3222 ||| SHOPLISTING glowing ring mail (182 gold, have
                  | 181).
  3222 | D:5      | 3222 ||| SHOPLISTING pair of masterwork boots (247 gold,
                  | have 181).
  3222 | D:5      | 3222 ||| BUYING runed robe (96 gold).
  3222 | D:5      | Bought a runed robe for 96 gold pieces
  3336 | D:5      | Found a shimmering altar of Xom.
  3418 | D:5      | Found an opulent altar of Gozag.
  3686 | D:5      | Noticed a gargoyle
  3693 | D:5      | 3693 ||| INVOKING Heroism.
  3706 | D:5      | Killed from afar by a gargoyle

Levels and vault maps discovered:
D:1:      minmay_arrival_plants_in_alcoves, layout_basic
D:2:      layout_basic, minmay_shallow_snake_nest, uniq_jessica
D:3:      layout_loops_ring, mainiacjoe_overflow_24_doors,
          lexackson_kobold_supper, uniq_natasha
D:4:      layout_basic, mainiacjoe_overflow_big_doors
D:5:      layout_basic, general_overflow_altar, mainiacjoe_overflow_boulevard,
          lemuel_tele_altar, serial_shops, nicolae_shop_stone,
          minmay_misc_feat_tiny

Skill      XL: |  1  2  3  4  5  6  7 |
---------------+----------------------+-----
Ranged Weapons | 6 7 8 9 10 | 10.5
Dodging        | 3 |  3.3
Fighting       | 2 |  2.4
Armour         | 1 |  1.9
Invocations    | 2 |  2.5
Stealth        | |  1.2

Action                     |  1- 3 |  4- 6 |  7- 9 || total
---------------------------+-------+-------+-------++-------
   Fire: Shortbow          |   104 |   195 |   119 ||   418
 Invoke: Heroism           |       |       |     2 ||     2
    Use: Scroll            |     2 |     4 |       ||     6
         Potion            |       |     1 |       ||     1
 Armour: Leather armour    |    10 |    35 |       ||    45
         Ring mail         |       |    19 |    32 ||    51
  Dodge: Dodged            |    23 |    67 |    27 ||   117

Table legend:
 A = Non-vault XP
 B = Vault XP
 C = Vault XP percentage of total XP
 D = Non-vault monster count
 E = Vault monster count
 F = Vault count percentage of total count
                 A         B        C        D         E       F
            +---------+---------+-------+---------+---------+-------
      Total |    1016 |     104 |   9.3 |      93 |      18 |  16.2
            +---------+---------+-------+---------+---------+-------
        D:1 |      51 |       0 |   0.0 |      23 |       0 |   0.0
        D:2 |      52 |      57 |  52.3 |      20 |       9 |  31.0
        D:3 |     138 |      47 |  25.4 |      21 |       9 |  30.0
        D:4 |     146 |       0 |   0.0 |      10 |       0 |   0.0
        D:5 |     629 |       0 |   0.0 |      19 |       0 |   0.0
            +---------+---------+-------+---------+---------+-------
